 Dungeon Crawl Stone Soup version 0.32-a0-871-ge202e49faa (webtiles) character file.

Game seed: 2810066604185097920

552 kae the Carver (level 7, 0/50 HPs)
             Began as a Coglin Gladiator on Mar 29, 2024.
             Slain by an iguana (9 damage)
             ... on level 5 of the Dungeon.
             The game lasted 00:03:59 (3262 turns).

kae the Carver (Coglin Gladiator)                   Turns: 3262, Time: 00:03:59

Health: 0/50       AC:  7    Str: 15    XL:     7   Next: 29%
Magic:  7/7        EV: 11    Int:  7    God:
Gold:   319        SH:  0    Dex: 17    Spells: 6/6 levels left

rFire   . . .        a - +0 long sword {Lan}
rCold   . . .        f - +0 dagger {Aula}
rNeg    . . .        x - +0 troll leather armour {Pargi}
rPois   .            c - +1 helmet
rElec   .            i - +1 cloak
rCorr   .            (no gloves)
SInv    .            (no boots)
Will    .....        (amulet unavailable)
Stlth   +            (ring unavailable)
HPRegen 1.08/turn    (ring unavailable)
MPRegen 0.10/turn    (no gizmo)

%: no passive effects
@: revved
A: off-hand wielding, slow wielding, warmup strikes, no jewellery
a: Invent Gizmo


You were on level 5 of the Dungeon.
You visited 1 branch of the dungeon, and saw 5 of its levels.
You also visited: Sewer.

You collected 367 gold pieces.
You spent 48 gold pieces at shops.


Innate Abilities, Weirdness & Mutations

You can wield a second weapon in your off-hand.
It takes a long time for you to wield or remove held weapons.
Your first few attacks do less damage.
You cannot equip rings or amulets.


   Skills:
 - Level 2.0 Fighting
 + Level 8.2 Long Blades
 - Level 1.7 Throwing
 - Level 2.6 Dodging


You had 6 spell levels left.
You didn't know any spells.
Your spell library contained the following spells:

 Spells                   Type           Power      Damage    Failure   Level
 Iskenderun's Battlesphe  Conj           0%         2d6       100%        5
 Bombard                  Conj/Erth      0%         9d1       100%        6
 Spellforged Servitor     Conj/Summ      0%         N/A       100%        7

Inventory:

Hand Weapons
 a - a +0 long sword (weapon) {Lan}
 f - a +0 dagger (offhand) {Aula}
Missiles
 d - 3 throwing nets (quivered) {=f!f}
 e - a javelin
 m - 39 stones
 q - 4 silver javelins
 r - 4 boomerangs
 C - 5 poisoned darts
Armour
 b - a +0 leather armour
 c - a +1 helmet (worn)
 i - a +1 cloak (worn)
   (You found it on level 1 of the Dungeon)
 x - a +0 troll leather armour (worn) {Pargi}
   (You found it in a sewer)
Magical Staves
 u - a staff of conjuration {!a}
   (You found it on level 2 of the Dungeon)
Jewellery
 g - an amulet of regeneration
   (You found it on level 1 of the Dungeon)
 Y - a +4 ring of slaying
   (You found it on level 2 of the Dungeon)
Scrolls
 h - 2 scrolls of fog
 p - a scroll of vulnerability {!r!r}
 w - 2 scrolls of poison {!r}
 y - a scroll of enchant armour
 D - a scroll of identify {@r1}
 E - a scroll of brand weapon {unknown}
Potions
 j - 2 potions of degeneration {unknown}
 k - a potion of cancellation
 l - 2 potions of attraction {!q}
 n - 3 potions of berserk rage {unknown}
 o - a potion of resistance {unknown}
 s - a potion of might {unknown}
 t - 2 potions of heal wounds {unknown}
 v - 2 potions of curing {unknown}
 z - 2 potions of brilliance {unknown}
 A - a potion of haste {unknown}
 B - 2 potions of mutation {unknown}

Dungeon Overview and Level Annotations

Branches:
Dungeon (5/15) Zot: 26871   Sewer (visited)
 Temple: D:4-7

Altars:
Fedhas
Zin

Shops:
D:1 ?   D:2 (

Annotations:
D:4 2 runed translucent doors, Goblin1989's ghost, amateur DsBr

# .......+ #
### #...... .
.. #..... ##
..#.... . ..
.#... ## J...
... <#.....
#.# ######
.......# #l##
#....#
o##....#
#@.###.##.# .#
####
#...##.##.# .#
#......##.# .#
##........# ##
#........#
#........#
#........#
#######..#
###########.##


You could see an iguana.


Message History

The orc priest hits you but does no damage.
Items here: )) [ †.
You hit the orc with your +0 dagger.
You kill the orc!
You feel sick.
The orc priest hits you with a +0 club. 😕 HP[-3]
You take 3 damage, and now have 43/50 hp.
You feel sick.
The orc priest attacks as it pursues you!
The orc priest closely misses you.
You see here a +0 war axe.
You barely miss the orc priest with your +0 long sword.
You closely miss the orc priest with your +0 dagger.
You feel sick. The orc priest closely misses you.
You hit the orc priest with your +0 long sword.
You closely miss the orc priest with your +0 dagger.
You feel sick.
The orc priest hits you but does no damage.
You barely miss the orc priest with your +0 long sword.
You closely miss the orc priest with your +0 dagger.
You feel sick.
You are no longer poisoned.
You slash the orc priest with your +0 long sword!
You hit the orc priest with your +0 dagger.
The orc priest hits you with a +0 club. 😕 HP[-2]
You take 2 damage, and now have 41/50 hp.
You hit the orc priest with your +0 dagger.
You closely miss the orc priest with your +0 long sword.
The orc priest barely misses you. 😕 HP[+1]
You hit the orc priest with your +0 dagger.
You closely miss the orc priest with your +0 long sword.
The orc priest calls down the wrath of Beogh upon you.
Beogh smites you!
The orc priest shouts, "The Pantheon deserves no one's loyalty.
Let us show you the true path!" (press Y on the ability menu to convert to Beogh) 😮 HP[-12]
You take 12 damage, and now have 30/50 hp.
MASSIVE DAMAGE!! (PAUSE)
You barely miss the orc priest with your +0 dagger.
You barely miss the orc priest with your +0 long sword.
The orc priest barely misses you. 😮 HP[+1]
You hit the orc priest but do no damage.
You barely miss the orc priest with your +0 long sword.
The orc priest shouts, "Beogh offers mercy even to people such as you.
Join us and be reborn!"
The orc priest invokes the aid of Beogh against you.
Pain shoots through your body!
* * * LOW HITPOINT WARNING * * *
😨 HP[-12]
You take 12 damage, and now have 19/50 hp.
MASSIVE DAMAGE!! (PAUSE)
You hit the orc priest but do no damage.
You closely miss the orc priest with your +0 long sword.
The orc priest hits you with a +0 club.
* * * LOW HITPOINT WARNING * * *
😨 HP[-1]
You take 1 damage, and now have 18/50 hp.
You slash the orc priest with your +0 long sword!
You kill the orc priest! 😨 HP[+1]
You barely miss the iguana with your +0 long sword.
You hit the iguana but do no damage. 😨 HP[+1]
You hit the iguana with your +0 long sword.
You completely miss the iguana with your +0 dagger.
The iguana barely misses you. 😨 HP[+1]
You hit the iguana but do no damage.
You barely miss the iguana with your +0 long sword.
The iguana barely misses you. 😨 HP[+1]
You hit the iguana with your +0 dagger.
You hit the iguana with your +0 long sword.
The iguana bites you.
* * * LOW HITPOINT WARNING * * *
😨 HP[-2]
You take 2 damage, and now have 20/50 hp.
You barely miss the iguana with your +0 dagger.
You barely miss the iguana with your +0 long sword.
The iguana bites you.
* * * LOW HITPOINT WARNING * * *
😨 HP[-5]
You take 5 damage, and now have 15/50 hp.
You hit the iguana but do no damage.
You hit the iguana with your +0 long sword.
The iguana bites you!
* * * LOW HITPOINT WARNING * * *
😱 HP[-6]
You take 6 damage, and now have 9/50 hp.
You closely miss the iguana with your +0 dagger.
You closely miss the iguana with your +0 long sword.
The iguana bites you.
* * * LOW HITPOINT WARNING * * *
😱 HP[-1]
You take 1 damage, and now have 8/50 hp.
You hit the iguana with your +0 long sword.
You hit the iguana with your +0 dagger. The iguana bites you!
You die...

Skill      XL: |  1  2  3  4  5  6  7 |
---------------+----------------------+-----
Long Blades    | 4 5 7 8 |  8.2
Fighting       | |  2.0
Throwing       | |  1.7
Dodging        | |  2.6

Action                     |  1- 3 |  4- 6 |  7- 9 || total
---------------------------+-------+-------+-------++-------
  Melee: Long sword        |    95 |    98 |    73 ||   266
         Dagger            |    85 |    89 |    69 ||   243
    Use: Scroll            |     9 |       |     1 ||    10
   Stab: Sleeping          |     3 |       |     1 ||     4
 Armour: Leather armour    |    67 |    53 |       ||   120
         Troll leather arm |       |    24 |    40 ||    64
  Dodge: Dodged            |    75 |    57 |    41 ||   173

Levels and vault maps discovered:
D:1:      psy_arrival_statuary, layout_loops_ring, serial_shops,
          nicolae_shop_temple_entry_statues_fountains
D:2:      layout_basic, serial_shops, nicolae_shop_statue_plus
D:3:      layout_basic
D:4:      layout_cave_pools, old_standard_altar, mainiacjoe_overflow_alcove_1,
          gup_sewer_entry_glass, ebering_ghost_sewer_f, minmay_between
D:5:      layout_basic, minmay_temple_entry_statues_fountains, hellmonk_no_cap,
          uniq_blork_the_orc

Notes
Turn   | Place    | Note
-------+----------+-------------------------------------------
     0 | D:1      | kae the Coglin Gladiator began the quest for the Orb.
     0 | D:1      | Reached XP level 1. HP: 16/16 MP: 1/1
     0 | D:1      | magus.rc [v1.11.3]
    73 | D:1      | Reached XP level 2. HP: 16/22 MP: 2/2
   315 | D:1      | Reached skill level 4 in Long Blades
   385 | D:1      | Found Elatworabe's Magic Scroll Boutique.
   393 | D:1      | Reached XP level 3. HP: 26/27 MP: 3/3
   401 | D:1      | Bought a scroll of identify for 24 gold pieces
   401 | D:1      | Bought a scroll of identify for 24 gold pieces
   798 | D:2      | You pick up a book of Power and begin reading...
   798 | D:2      | You add the spells Iskenderun's Battlesphere, Bombard and
                  | Spellforged Servitor to your library.
   936 | D:2      | Found Xeddacal's Weapon Boutique.
  1454 | D:3      | Reached XP level 4. HP: 29/33 MP: 4/4
  1569 | D:3      | Reached skill level 5 in Long Blades
  1823 | D:4      | Found a runed translucent door.
  1823 | D:4      | Noticed Goblin1989's ghost (amateur DsBr)
  1835 | D:4      | Noticed a scorpion
  1837 | D:4      | Found a runed translucent door.
  1844 | D:4      | Killed a scorpion
  1845 | D:4      | Reached XP level 5. HP: 15/38 MP: 5/5
  1997 | D:4      | Found a glowing drain.
  2068 | Sewer    | Entered a sewer
  2108 | Sewer    | Reached skill level 6 in Long Blades
  2118 | Sewer    | Noticed Pargi
  2128 | Sewer    | Killed Pargi
  2129 | Sewer    | Reached skill level 7 in Long Blades
  2129 | Sewer    | Reached XP level 6. HP: 24/44 MP: 6/6
  2401 | D:4      | HP: 10/44 [bullfrog (5)]
  2403 | D:4      | Reached XP level 7. HP: 12/50 MP: 7/7
  2482 | D:4      | Found a glowing silver altar of Zin.
  2713 | D:4      | Found a blossoming altar of Fedhas.
  3131 | D:5      | Entered Level 5 of the Dungeon
  3147 | D:4      | Reached skill level 8 in Long Blades
  3260 | D:5      | HP: 9/50 [iguana (7)]
  3262 | D:5      | Slain by an iguana

Vanquished Creatures
  Pargi (Sewer)
  A bullfrog (D:4)
  2 brain worms (Sewer)
  A scorpion (D:4)
  An orc priest (D:5)
  A hound (D:4)
  5 adders
  A white imp (D:3)
  A ribbon worm (D:2)
  8 orcs
  8 ball pythons
  5 endoplasms
  9 giant cockroaches
  6 goblins
  4 hobgoblins
  6 jackals (D:1)
  12 kobolds
  5 quokkas
  5 bats (D:1)
  3 frilled lizards (D:1)
  9 rats
94 creatures vanquished.

Table legend:
 A = Non-vault XP
 B = Vault XP
 C = Vault XP percentage of total XP
 D = Non-vault monster count
 E = Vault monster count
 F = Vault count percentage of total count
                 A         B        C        D         E       F
            +---------+---------+-------+---------+---------+-------
      Total |     361 |     428 |  54.2 |      78 |      16 |  17.0
            +---------+---------+-------+---------+---------+-------
        D:1 |      43 |       0 |   0.0 |      26 |       0 |   0.0
        D:2 |      20 |       0 |   0.0 |      11 |       0 |   0.0
        D:3 |      64 |       0 |   0.0 |      19 |       0 |   0.0
        D:4 |     171 |     114 |  40.0 |      17 |       8 |  32.0
        D:5 |      63 |       0 |   0.0 |       5 |       0 |   0.0
      Sewer |       0 |     314 | 100.0 |       0 |       8 | 100.0
            +---------+---------+-------+---------+---------+-------

Skill      XL: |  1  2  3  4  5  6  7 |
---------------+----------------------+-----
Long Blades    | 4 5 7 8 |  8.2
Fighting       | |  2.0
Throwing       | |  1.7
Dodging        | |  2.6

Action                     |  1- 3 |  4- 6 |  7- 9 || total
---------------------------+-------+-------+-------++-------
  Melee: Long sword        |    95 |    98 |    73 ||   266
         Dagger            |    85 |    89 |    69 ||   243
    Use: Scroll            |     9 |       |     1 ||    10
   Stab: Sleeping          |     3 |       |     1 ||     4
 Armour: Leather armour    |    67 |    53 |       ||   120
         Troll leather arm |       |    24 |    40 ||    64
  Dodge: Dodged            |    75 |    57 |    41 ||   173

Illustrated notes

Table legend:
 A = Kills in this place as a percentage of kills in the entire game.
 B = Kills by you in this place as a percentage of kills by you in the entire game.
 C = Kills by friends in this place as a percentage of kills by friends in the entire game.
 D = Other kills in this place as a percentage of other kills in the entire game.
 E = Experience gained in this place as a percentage of experience gained in the entire game.
 F = Experience gained in this place divided by the number of levels of this place that you have seen.
                   A       B       C       D       E      F
               +-------+-------+-------+-------+-------+----------------------
         Total | 100.0 | 100.0 |   N/A |   N/A | 100.0 | 131.5
       Dungeon |  91.5 |  91.5 |   N/A |   N/A |  60.2 |  95.0
         Sewer |   8.5 |   8.5 |   N/A |   N/A |  39.8 | 314.0
               +-------+-------+-------+-------+-------+----------------------

Table legend: (Time is in decaauts)
 A = Elapsed time spent in this place.
 B = Non-inter-level travel time spent in this place.
 C = Inter-level travel time spent in this place.
 D = Time resting spent in this place.
 E = Time spent auto-exploring this place.
 F = Levels seen in this place.
 G = Mean time per level.
                   A        B        C        D        E       F      G
               +--------+--------+--------+--------+--------+-----+--------+
         Total |   3260 |   3088 |    172 |    112 |   2091 |   6 |  543.3 |
       Dungeon |   3029 |   2857 |    172 |     37 |   2069 |   5 |  605.8 |
         Sewer |    231 |    231 |      0 |     75 |     22 |   1 |  231.0 |
               +--------+--------+--------+--------+--------+-----+--------+

Top non-repeatable levels by time:
     D:4: 776 daAuts
     D:3: 750 daAuts
     D:2: 735 daAuts
     D:1: 675 daAuts
   Sewer: 231 daAuts
     D:5: 91 daAuts
